[ AOE2 MATCH · #464972737 ]
Team RMPersians vs Tatars
[ REPLAY ANALYSIS · EXTRACTED FROM THE RECORDED GAME ]
Feudal
13:21
Castle
17:45
Imperial
36:44
| APM avg | 43.2 |
| APM peak | 112 |
| eAPM avg | 18.9 |
| Villagers / military | 131 / 75 |
Focus
⚔️ 27.0% · 🌾 73.0%
Camel Scout ×51 · Knight ×16 · Fishing Ship ×8 · Monk ×6 · Unknown (2626) ×4 · Spearman ×2
Feudal
14:33
Castle
20:17
Imperial
—
| APM avg | 32.1 |
| APM peak | 74 |
| eAPM avg | 16.6 |
| Villagers / military | 99 / 113 |
Focus
⚔️ 26.5% · 🌾 73.5%
Cavalry Archer ×113 · Fishing Ship ×10
Feudal
13:16
Castle
16:55
Imperial
—
| APM avg | 19.9 |
| APM peak | 42 |
| eAPM avg | 12.6 |
| Villagers / military | 99 / 81 |
Focus
⚔️ 14.7% · 🌾 85.3%
Battle Elephant ×81
Feudal
12:41
Castle
19:06
Imperial
—
| APM avg | 32.9 |
| APM peak | 76 |
| eAPM avg | 13.3 |
| Villagers / military | 71 / 56 |
Focus
⚔️ 36.6% · 🌾 63.4%
Skirmisher ×40 · Archer ×15 · Spearman ×1
Feudal
13:25
Castle
19:50
Imperial
—
| APM avg | 20.5 |
| APM peak | 50 |
| eAPM avg | 14.3 |
| Villagers / military | 159 / 30 |
Focus
⚔️ 21.4% · 🌾 78.6%
Elephant Archer ×27 · Fishing Ship ×7 · Spearman ×2 · Monk ×1
Feudal
14:35
Castle
22:40
Imperial
—
| APM avg | 17.0 |
| APM peak | 49 |
| eAPM avg | 8.5 |
| Villagers / military | 88 / 40 |
Focus
⚔️ 26.9% · 🌾 73.1%
Fishing Ship ×21 · Steppe Lancer ×16 · Camel Scout ×10 · Monk ×5 · Demolition Raft ×5 · Fire Galley ×4
Match map
Initial resources + every placement click. Lines = walls · curves = elevation contours. ◆ gold · ⬟ stone · ● berries · ✦ relic · ◌ wall gap
Your base· Open — unwalled flank
Alexander The Average's base· Open — unwalled flank
01jnalley's base· Open — unwalled flank
SalamandatusSA's base· Open — unwalled flank
RustBuckets's base· Open — unwalled flank
rexxar's base· Open — unwalled flank
Smoothed initial terrain · ◌ = detected wall gap · hover for details
Inputs per minute
— BaronDC - - Alexander The Average
Build order — BaronDC
First 150 of 293 actions detected
| 0:58 | Build | Dock |
| 1:17 | Build | Town Center |
| 3:04 | Create | Fishing Ship |
| 3:10 | Build | House |
| 3:12 | Create | Villager (Male) |
| 3:12 | Create | Villager (Male) |
| 3:13 | Create | Villager (Male) |
| 3:13 | Create | Villager (Male) |
| 3:13 | Create | Villager (Male) |
| 3:17 | Research | Loom |
| 3:18 | Create | Villager (Male) |
| 3:18 | Create | Villager (Male) |
| 3:18 | Create | Villager (Male) |
| 3:19 | Create | Villager (Male) |
| 3:19 | Create | Villager (Male) |
| 4:29 | Create | Fishing Ship |
| 4:29 | Create | Fishing Ship |
| 5:02 | Build | House |
| 5:34 | Create | Fishing Ship |
| 5:46 | Create | Villager (Male) |
| 6:25 | Create | Fishing Ship |
| 6:29 | Create | Villager (Male) |
| 6:40 | Build | House |
| 6:49 | Build | House |
| 6:59 | Create | Fishing Ship |
| 7:09 | Create | Villager (Male) |
| 7:34 | Create | Fishing Ship |
| 7:45 | Create | Villager (Male) |
| 8:25 | Create | Villager (Male) |
| 8:54 | Create | Villager (Male) |
| 8:55 | Create | Villager (Male) |
| 9:17 | Create | Villager (Male) |
| 9:18 | Create | Villager (Male) |
| 9:43 | Build | House |
| 9:49 | Build | House |
| 10:25 | Create | Villager (Male) |
| 10:34 | Build | Mining Camp |
| 10:47 | Create | Villager (Male) |
| 11:17 | Research | Feudal Age |
| 11:29 | Create | Villager (Male) |
| 11:42 | Build | Barracks |
| 11:57 | Build | Mill |
| 12:53 | Create | Villager (Male) |
| 13:21 | Age | Feudal Age |
| 13:46 | Build | Stable |
| 13:51 | Create | Villager (Male) |
| 14:17 | Create | Villager (Male) |
| 14:43 | Build | Blacksmith |
| 14:55 | Create | Villager (Male) |
| 15:20 | Research | Castle Age |
| 15:36 | Build | House |
| 15:39 | Build | House |
| 15:44 | Create | Spearman |
| 15:49 | Create | Unit 2626 |
| 16:20 | Create | Spearman |
| 16:29 | Build | Lumber Camp |
| 16:34 | Create | Villager (Male) |
| 16:34 | Create | Villager (Male) |
| 16:59 | Research | Forging |
| 17:25 | Create | Unit 2626 |
| 17:45 | Age | Castle Age |
| 18:04 | Create | Unit 2626 |
| 18:07 | Create | Villager (Male) |
| 18:16 | Create | Knight |
| 18:26 | Research | Double-Bit Axe |
| 18:28 | Create | Villager (Male) |
| 18:28 | Create | Villager (Male) |
| 19:02 | Create | Villager (Male) |
| 19:08 | Build | House |
| 19:10 | Build | House |
| 19:12 | Build | House |
| 19:17 | Create | Unit 2626 |
| 19:48 | Create | Villager (Male) |
| 19:48 | Create | Villager (Male) |
| 20:16 | Build | Town Center |
| 20:22 | Create | Villager (Male) |
| 20:22 | Create | Villager (Male) |
| 21:00 | Create | Villager (Male) |
| 21:00 | Create | Villager (Male) |
| 21:05 | Create | Knight |
| 21:19 | Research | Bow Saw |
| 21:20 | Create | Villager (Male) |
| 21:20 | Create | Villager (Male) |
| 21:34 | Create | Knight |
| 22:10 | Create | Villager (Male) |
| 22:10 | Create | Villager (Male) |
| 22:19 | Build | Town Center |
| 22:27 | Create | Villager (Male) |
| 22:27 | Create | Villager (Male) |
| 22:28 | Create | Knight |
| 22:28 | Create | Knight |
| 22:33 | Build | House |
| 22:35 | Build | House |
| 22:36 | Build | House |
| 22:38 | Build | House |
| 22:42 | Create | Villager (Male) |
| 22:42 | Create | Villager (Male) |
| 22:55 | Research | Tech 906 |
| 22:56 | Create | Fishing Ship |
| 23:23 | Create | Villager (Male) |
| 23:23 | Create | Villager (Male) |
| 23:24 | Create | Villager (Male) |
| 23:25 | Create | Villager (Male) |
| 23:26 | Research | Horse Collar |
| 23:34 | Create | Villager (Male) |
| 23:34 | Create | Villager (Male) |
| 23:40 | Create | Villager (Male) |
| 23:40 | Create | Villager (Male) |
| 23:50 | Create | Knight |
| 24:06 | Create | Villager (Male) |
| 24:06 | Create | Villager (Male) |
| 24:12 | Create | Villager (Male) |
| 24:13 | Create | Villager (Male) |
| 24:25 | Build | Building 665 |
| 24:27 | Build | Stone Wall |
| 24:28 | Build | Stone Wall |
| 24:31 | Build | Stone Wall |
| 24:33 | Create | Villager (Male) |
| 24:33 | Create | Villager (Male) |
| 24:41 | Create | Villager (Male) |
| 24:43 | Create | Villager (Male) |
| 24:48 | Create | Knight |
| 25:10 | Build | Stone Wall |
| 25:14 | Create | Knight |
| 25:15 | Create | Knight |
| 25:29 | Research | Bloodlines |
| 25:31 | Research | Scale Barding Armor |
| 25:45 | Build | Building 490 |
| 25:50 | Build | Farm |
| 25:51 | Build | Farm |
| 25:52 | Build | Farm |
| 25:55 | Create | Villager (Male) |
| 25:56 | Create | Villager (Male) |
| 25:56 | Create | Villager (Male) |
| 25:57 | Create | Villager (Male) |
| 26:05 | Build | Farm |
| 26:06 | Build | Farm |
| 26:07 | Build | Farm |
| 26:09 | Research | Heavy Plow |
| 26:10 | Create | Villager (Male) |
| 26:10 | Create | Villager (Male) |
| 26:11 | Create | Villager (Male) |
| 26:24 | Build | Town Center |
| 26:27 | Create | Villager (Male) |
| 26:28 | Create | Villager (Male) |
| 26:29 | Create | Knight |
| 26:30 | Create | Knight |
| 26:40 | Create | Villager (Male) |
| 26:40 | Create | Villager (Male) |
| 26:45 | Build | House |
Build order — Alexander The Average
First 150 of 236 actions detected
| 1:31 | Build | Town Center |
| 2:03 | Build | House |
| 2:12 | Build | House |
| 2:31 | Build | Dock |
| 3:31 | Create | Villager (Male) |
| 3:32 | Create | Villager (Male) |
| 3:32 | Create | Villager (Male) |
| 3:32 | Create | Villager (Male) |
| 4:51 | Research | Loom |
| 5:08 | Create | Fishing Ship |
| 5:30 | Create | Villager (Male) |
| 5:30 | Create | Villager (Male) |
| 5:46 | Create | Fishing Ship |
| 6:21 | Create | Fishing Ship |
| 6:49 | Create | Villager (Male) |
| 7:00 | Build | House |
| 7:06 | Create | Fishing Ship |
| 7:09 | Build | House |
| 7:36 | Create | Villager (Male) |
| 7:39 | Create | Fishing Ship |
| 8:09 | Create | Fishing Ship |
| 8:11 | Create | Villager (Male) |
| 8:39 | Create | Fishing Ship |
| 8:44 | Create | Villager (Male) |
| 9:00 | Create | Villager (Male) |
| 9:16 | Create | Fishing Ship |
| 9:26 | Create | Villager (Male) |
| 9:51 | Create | Villager (Male) |
| 10:08 | Create | Villager (Male) |
| 10:11 | Create | Fishing Ship |
| 10:22 | Build | House |
| 10:23 | Build | House |
| 10:25 | Build | House |
| 10:29 | Build | House |
| 11:06 | Build | Mining Camp |
| 11:08 | Create | Villager (Male) |
| 11:08 | Create | Villager (Male) |
| 11:08 | Create | Villager (Male) |
| 12:08 | Research | Feudal Age |
| 12:09 | Create | Fishing Ship |
| 12:33 | Build | House |
| 12:35 | Build | House |
| 12:37 | Create | Villager (Male) |
| 12:58 | Create | Villager (Male) |
| 12:59 | Create | Villager (Male) |
| 14:33 | Age | Feudal Age |
| 14:35 | Build | Barracks |
| 14:39 | Build | House |
| 14:59 | Create | Villager (Male) |
| 14:59 | Create | Villager (Male) |
| 15:05 | Create | Villager (Male) |
| 15:06 | Create | Villager (Male) |
| 15:14 | Create | Villager (Male) |
| 15:15 | Create | Villager (Male) |
| 15:20 | Create | Villager (Male) |
| 15:37 | Build | Blacksmith |
| 15:42 | Build | Archery Range |
| 15:44 | Create | Villager (Male) |
| 15:44 | Create | Villager (Male) |
| 15:44 | Create | Villager (Male) |
| 15:46 | Create | Villager (Male) |
| 15:46 | Create | Villager (Male) |
| 17:37 | Research | Castle Age |
| 17:38 | Research | Wheelbarrow |
| 17:46 | Build | Fish Trap |
| 17:51 | Build | Fish Trap |
| 18:06 | Build | Fish Trap |
| 19:30 | Research | Town Watch |
| 20:00 | Research | Gold Mining |
| 20:17 | Age | Castle Age |
| 20:34 | Build | Town Center |
| 20:35 | Create | Villager (Male) |
| 20:35 | Create | Villager (Male) |
| 20:48 | Build | Town Center |
| 20:48 | Create | Villager (Male) |
| 20:49 | Create | Villager (Male) |
| 20:49 | Create | Villager (Male) |
| 20:53 | Create | Cavalry Archer |
| 20:53 | Create | Cavalry Archer |
| 21:03 | Research | Fletching |
| 21:04 | Research | Padded Archer Armor |
| 21:20 | Create | Cavalry Archer |
| 21:33 | Build | Lumber Camp |
| 21:43 | Create | Cavalry Archer |
| 22:18 | Create | Villager (Male) |
| 22:19 | Create | Villager (Male) |
| 22:19 | Create | Villager (Male) |
| 22:21 | Create | Cavalry Archer |
| 22:22 | Create | Cavalry Archer |
| 22:22 | Create | Cavalry Archer |
| 22:22 | Create | Cavalry Archer |
| 22:35 | Research | Double-Bit Axe |
| 22:36 | Create | Villager (Male) |
| 22:36 | Create | Villager (Male) |
| 22:36 | Create | Villager (Male) |
| 22:48 | Create | Villager (Male) |
| 23:17 | Build | Archery Range |
| 23:28 | Create | Villager (Male) |
| 23:29 | Create | Villager (Male) |
| 23:32 | Create | Cavalry Archer |
| 23:32 | Create | Cavalry Archer |
| 23:32 | Create | Cavalry Archer |
| 23:33 | Create | Cavalry Archer |
| 23:55 | Create | Villager (Male) |
| 23:55 | Create | Villager (Male) |
| 23:58 | Create | Villager (Male) |
| 24:13 | Create | Cavalry Archer |
| 24:14 | Create | Cavalry Archer |
| 24:20 | Create | Villager (Male) |
| 24:20 | Create | Villager (Male) |
| 24:28 | Build | Stable |
| 24:29 | Create | Villager (Male) |
| 24:30 | Create | Villager (Male) |
| 24:41 | Create | Cavalry Archer |
| 24:41 | Create | Cavalry Archer |
| 24:41 | Create | Cavalry Archer |
| 24:41 | Create | Cavalry Archer |
| 24:42 | Create | Cavalry Archer |
| 25:20 | Create | Cavalry Archer |
| 25:21 | Create | Cavalry Archer |
| 25:23 | Research | Bodkin Arrow |
| 25:26 | Create | Villager (Male) |
| 25:26 | Create | Villager (Male) |
| 25:35 | Build | University |
| 25:39 | Research | Bloodlines |
| 25:58 | Build | House |
| 25:59 | Build | House |
| 26:00 | Build | House |
| 26:00 | Build | House |
| 26:00 | Build | House |
| 26:00 | Build | House |
| 26:01 | Build | House |
| 26:02 | Build | House |
| 26:02 | Build | House |
| 26:02 | Build | House |
| 26:07 | Research | Husbandry |
| 27:02 | Research | Leather Archer Armor |
| 27:06 | Research | Ballistics |
| 28:03 | Create | Cavalry Archer ×5 |
| 28:03 | Create | Cavalry Archer |
| 28:28 | Create | Villager (Male) |
| 28:28 | Create | Villager (Male) |
| 28:28 | Create | Villager (Male) |
| 28:28 | Create | Villager (Male) |
| 28:29 | Create | Villager (Male) |
| 28:29 | Create | Villager (Male) |
| 28:29 | Create | Villager (Male) |
| 28:30 | Create | Villager (Male) |
| 28:30 | Create | Villager (Male) |
| 30:05 | Create | Cavalry Archer ×5 |
Build order — 01jnalley
First 150 of 212 actions detected
| 1:05 | Build | Town Center |
| 2:40 | Create | Villager (Male) |
| 2:40 | Create | Villager (Male) |
| 2:40 | Create | Villager (Male) |
| 2:52 | Create | Villager (Male) |
| 3:04 | Build | House |
| 3:08 | Research | Loom |
| 3:26 | Create | Villager (Male) |
| 3:56 | Create | Villager (Male) |
| 4:28 | Create | Villager (Male) |
| 4:49 | Build | House |
| 4:56 | Create | Villager (Male) |
| 5:23 | Create | Villager (Male) |
| 5:40 | Create | Villager (Male) |
| 5:55 | Create | Villager (Male) |
| 6:27 | Create | Villager (Male) |
| 6:45 | Build | House |
| 6:52 | Build | Mill |
| 7:05 | Create | Villager (Male) |
| 7:33 | Create | Villager (Male) |
| 7:58 | Create | Villager (Male) |
| 8:26 | Create | Villager (Male) |
| 8:31 | Create | Villager (Male) |
| 8:42 | Create | Villager (Male) |
| 9:12 | Build | House |
| 9:43 | Create | Villager (Male) |
| 10:04 | Create | Villager (Male) |
| 10:38 | Build | Mill |
| 10:41 | Create | Villager (Male) |
| 10:43 | Research | Feudal Age |
| 12:45 | Create | Villager (Male) |
| 13:00 | Create | Villager (Male) |
| 13:16 | Age | Feudal Age |
| 14:15 | Research | Castle Age |
| 14:59 | Create | Villager (Male) |
| 15:38 | Build | House |
| 15:48 | Create | Villager (Male) |
| 16:55 | Age | Castle Age |
| 17:02 | Build | Town Center |
| 17:20 | Create | Villager (Male) |
| 18:08 | Create | Villager (Male) |
| 18:33 | Build | Town Center |
| 18:38 | Create | Villager (Male) |
| 18:39 | Create | Villager (Male) |
| 18:40 | Create | Villager (Male) |
| 18:41 | Create | Villager (Male) |
| 19:02 | Build | Lumber Camp |
| 19:04 | Create | Villager (Male) ×5 |
| 19:18 | Create | Villager (Male) |
| 19:33 | Build | House |
| 19:59 | Research | Double-Bit Axe |
| 20:06 | Build | House |
| 20:31 | Build | Farm |
| 20:31 | Build | Farm |
| 20:32 | Build | Farm |
| 20:32 | Build | Farm |
| 20:44 | Create | Villager (Male) ×5 |
| 21:03 | Create | Villager (Male) ×5 |
| 21:07 | Build | House |
| 21:08 | Build | House |
| 21:09 | Build | House |
| 21:10 | Build | House |
| 21:10 | Build | House |
| 21:15 | Build | Farm |
| 21:16 | Build | Farm |
| 21:46 | Create | Villager (Male) ×5 |
| 21:48 | Build | House |
| 21:49 | Build | House |
| 22:13 | Build | Farm |
| 22:14 | Build | Farm |
| 22:14 | Build | Farm |
| 22:14 | Build | Farm |
| 22:14 | Build | Farm |
| 22:16 | Build | Farm |
| 22:18 | Build | Farm |
| 22:23 | Build | Farm |
| 22:28 | Build | Farm |
| 22:41 | Create | Villager (Male) ×5 |
| 22:59 | Build | Farm |
| 23:06 | Create | Villager (Male) ×5 |
| 23:15 | Research | Bow Saw |
| 23:19 | Build | Farm |
| 23:27 | Research | Horse Collar |
| 23:41 | Create | Villager (Male) ×5 |
| 24:11 | Build | Farm |
| 24:13 | Build | Farm |
| 24:13 | Build | Farm |
| 24:16 | Build | Farm |
| 24:17 | Build | Farm |
| 24:17 | Build | Farm |
| 24:22 | Create | Villager (Male) |
| 24:25 | Build | Farm |
| 24:30 | Build | House |
| 24:32 | Build | House |
| 24:36 | Build | House |
| 24:36 | Build | House |
| 24:51 | Build | Farm |
| 25:14 | Build | Stable |
| 25:17 | Create | Villager (Male) ×5 |
| 25:44 | Build | Stable |
| 25:47 | Create | Villager (Male) ×5 |
| 25:52 | Build | Blacksmith |
| 25:59 | Build | House |
| 25:59 | Build | House |
| 26:08 | Research | Bloodlines |
| 26:11 | Build | House |
| 26:13 | Build | House |
| 26:13 | Build | House |
| 26:14 | Build | House |
| 26:14 | Build | House |
| 26:15 | Build | House |
| 26:16 | Build | House |
| 26:16 | Build | House |
| 26:16 | Build | House |
| 26:18 | Create | Villager (Male) ×5 |
| 26:41 | Create | Battle Elephant ×5 |
| 26:41 | Create | Battle Elephant ×3 |
| 27:00 | Build | Stable |
| 27:01 | Build | Stable |
| 27:11 | Build | Farm |
| 27:11 | Build | Farm |
| 27:12 | Build | Farm |
| 27:12 | Build | Farm |
| 27:13 | Build | Farm |
| 27:18 | Build | Farm |
| 27:18 | Build | Farm |
| 27:18 | Build | Farm |
| 27:19 | Build | Farm |
| 27:24 | Build | Farm |
| 27:25 | Build | Farm |
| 27:25 | Build | Farm |
| 27:29 | Create | Villager (Male) ×5 |
| 27:41 | Create | Battle Elephant ×3 |
| 27:47 | Build | House |
| 27:52 | Build | House |
| 27:53 | Create | Villager (Male) ×2 |
| 28:23 | Build | Farm |
| 28:26 | Create | Battle Elephant |
| 28:26 | Create | Battle Elephant |
| 28:35 | Build | Mining Camp |
| 28:40 | Build | House |
| 28:41 | Build | House |
| 28:41 | Build | House |
| 28:41 | Build | House |
| 29:03 | Research | Scale Barding Armor |
| 29:13 | Create | Battle Elephant |
| 29:13 | Create | Battle Elephant ×3 |
| 29:34 | Create | Battle Elephant ×2 |
| 29:41 | Create | Battle Elephant |
| 29:45 | Create | Villager (Male) |
Build order — SalamandatusSA
First 150 of 190 actions detected
| 1:16 | Build | Town Center |
| 1:39 | Build | House |
| 1:48 | Build | House |
| 3:01 | Create | Villager (Male) |
| 3:01 | Create | Villager (Male) |
| 3:01 | Create | Villager (Male) |
| 3:01 | Create | Villager (Male) |
| 3:02 | Create | Villager (Male) |
| 3:50 | Create | Villager (Male) |
| 4:21 | Create | Villager (Male) |
| 5:08 | Build | House |
| 5:13 | Build | House |
| 5:26 | Create | Villager (Male) |
| 5:27 | Create | Villager (Male) |
| 5:31 | Create | Villager (Male) |
| 5:45 | Build | Mill |
| 6:13 | Create | Villager (Male) |
| 7:00 | Create | Villager (Male) |
| 7:02 | Create | Villager (Male) |
| 7:02 | Create | Villager (Male) |
| 7:21 | Create | Villager (Male) |
| 7:48 | Create | Villager (Male) |
| 7:48 | Create | Villager (Male) |
| 8:01 | Create | Villager (Male) |
| 9:39 | Build | Lumber Camp |
| 9:54 | Research | Loom |
| 10:05 | Research | Feudal Age |
| 10:16 | Build | House |
| 11:02 | Build | Mill |
| 11:17 | Create | Villager (Male) |
| 11:51 | Create | Villager (Male) |
| 12:29 | Build | Barracks |
| 12:41 | Age | Feudal Age |
| 12:50 | Create | Villager (Male) |
| 13:27 | Create | Spearman |
| 13:44 | Create | Villager (Male) |
| 13:45 | Create | Villager (Male) |
| 14:28 | Create | Villager (Male) |
| 14:34 | Build | House |
| 14:37 | Build | House |
| 14:48 | Build | Blacksmith |
| 15:01 | Create | Villager (Male) |
| 15:30 | Create | Villager (Male) |
| 15:47 | Build | Archery Range |
| 15:52 | Build | House |
| 15:57 | Create | Villager (Male) |
| 16:12 | Create | Villager (Male) |
| 16:24 | Research | Castle Age |
| 16:34 | Create | Villager (Male) |
| 17:09 | Build | Mining Camp |
| 17:15 | Create | Villager (Male) |
| 17:15 | Create | Villager (Male) |
| 18:04 | Build | House |
| 18:24 | Research | Fletching |
| 18:37 | Build | Mining Camp |
| 18:53 | Build | Archery Range |
| 18:57 | Build | Archery Range |
| 19:04 | Create | Archer |
| 19:06 | Age | Castle Age |
| 19:07 | Research | Padded Archer Armor |
| 19:14 | Create | Villager (Male) |
| 19:18 | Research | Crossbowman (upgrade) |
| 19:39 | Create | Archer |
| 19:39 | Create | Archer |
| 19:39 | Create | Archer |
| 19:52 | Build | House |
| 20:06 | Build | Stone Wall |
| 20:08 | Build | Stone Wall |
| 20:32 | Create | Villager (Male) |
| 20:32 | Create | Villager (Male) |
| 20:34 | Build | Building 490 |
| 20:47 | Create | Villager (Male) |
| 20:49 | Research | Double-Bit Axe |
| 20:52 | Create | Archer |
| 20:52 | Create | Archer |
| 20:53 | Create | Archer |
| 20:53 | Create | Archer |
| 20:53 | Create | Archer |
| 20:57 | Research | Gold Mining |
| 21:02 | Build | House |
| 21:20 | Build | House |
| 21:41 | Create | Villager (Male) |
| 21:41 | Create | Villager (Male) |
| 21:45 | Create | Villager (Male) |
| 22:10 | Build | University |
| 22:25 | Create | Villager (Male) |
| 22:25 | Create | Villager (Male) |
| 22:41 | Create | Archer |
| 22:41 | Create | Archer |
| 22:42 | Create | Archer |
| 22:48 | Build | Mining Camp |
| 23:08 | Build | Mining Camp |
| 23:11 | Create | Villager (Male) |
| 23:11 | Create | Villager (Male) |
| 23:12 | Create | Villager (Male) |
| 23:28 | Build | House |
| 23:29 | Build | House |
| 23:59 | Create | Archer |
| 24:04 | Create | Villager (Male) |
| 24:05 | Create | Villager (Male) |
| 24:48 | Create | Villager (Male) |
| 24:48 | Create | Villager (Male) |
| 25:01 | Research | Bodkin Arrow |
| 25:03 | Research | Leather Archer Armor |
| 25:12 | Create | Villager (Male) |
| 25:36 | Build | Market |
| 25:44 | Build | Building 490 |
| 26:02 | Build | Castle |
| 26:07 | Build | Lumber Camp |
| 26:16 | Create | Villager (Male) |
| 26:16 | Create | Villager (Male) |
| 26:27 | Build | House |
| 26:29 | Build | House |
| 26:33 | Build | House |
| 26:37 | Build | House |
| 26:52 | Create | Villager (Male) |
| 27:07 | Create | Villager (Male) |
| 27:59 | Create | Skirmisher |
| 27:59 | Create | Skirmisher |
| 28:00 | Create | Archer |
| 28:00 | Create | Skirmisher |
| 28:00 | Create | Archer |
| 28:00 | Create | Skirmisher |
| 28:23 | Create | Skirmisher |
| 28:23 | Create | Skirmisher |
| 28:23 | Create | Skirmisher |
| 28:23 | Create | Skirmisher |
| 28:57 | Research | Ballistics |
| 28:59 | Create | Skirmisher |
| 28:59 | Create | Skirmisher |
| 29:09 | Build | Archery Range |
| 29:20 | Create | Skirmisher |
| 29:20 | Create | Skirmisher |
| 29:23 | Create | Skirmisher |
| 29:23 | Create | Skirmisher |
| 29:53 | Build | Lumber Camp |
| 30:33 | Research | Elite Skirmisher (upgrade) |
| 30:52 | Create | Villager (Male) |
| 30:53 | Create | Villager (Male) |
| 30:53 | Create | Villager (Male) |
| 31:06 | Create | Skirmisher |
| 31:07 | Create | Skirmisher |
| 31:07 | Create | Skirmisher |
| 31:07 | Create | Skirmisher |
| 31:07 | Create | Skirmisher |
| 31:11 | Create | Skirmisher |
| 31:11 | Create | Skirmisher |
| 31:12 | Create | Skirmisher |
| 31:15 | Create | Villager (Male) |
| 31:15 | Create | Villager (Male) |
Build order — RustBuckets
First 150 of 330 actions detected
| 1:06 | Build | Town Center |
| 1:51 | Build | House |
| 2:42 | Create | Villager (Male) |
| 2:42 | Create | Villager (Male) |
| 2:42 | Create | Villager (Male) |
| 2:42 | Create | Villager (Male) |
| 2:43 | Create | Villager (Male) |
| 3:19 | Research | Loom |
| 3:51 | Build | Dock |
| 4:03 | Build | House |
| 4:34 | Create | Fishing Ship |
| 5:25 | Create | Villager (Male) |
| 5:25 | Create | Villager (Male) |
| 5:57 | Create | Fishing Ship |
| 5:58 | Create | Villager (Male) |
| 6:03 | Create | Villager (Male) |
| 6:03 | Create | Villager (Male) |
| 6:51 | Build | House |
| 6:55 | Create | Villager (Male) |
| 7:03 | Create | Villager (Male) |
| 7:03 | Create | Villager (Male) |
| 7:25 | Create | Villager (Male) |
| 7:26 | Create | Villager (Male) |
| 7:26 | Create | Villager (Male) |
| 7:56 | Create | Villager (Male) |
| 7:57 | Create | Fishing Ship |
| 8:05 | Build | House |
| 8:14 | Create | Villager (Male) |
| 8:14 | Create | Villager (Male) |
| 8:50 | Build | House |
| 8:53 | Build | House |
| 9:01 | Build | House |
| 9:03 | Create | Fishing Ship |
| 9:07 | Create | Villager (Male) |
| 9:22 | Build | Mill |
| 9:33 | Create | Villager (Male) |
| 9:45 | Create | Villager (Male) |
| 9:45 | Create | Villager (Male) |
| 10:08 | Create | Villager (Male) |
| 10:14 | Create | Villager (Male) |
| 10:25 | Create | Villager (Male) |
| 10:25 | Create | Villager (Male) |
| 10:33 | Create | Villager (Male) |
| 10:33 | Create | Villager (Male) |
| 10:34 | Create | Villager (Male) |
| 11:15 | Research | Feudal Age |
| 11:51 | Create | Villager (Male) |
| 11:51 | Create | Villager (Male) |
| 11:52 | Create | Fishing Ship |
| 11:53 | Create | Fishing Ship |
| 12:18 | Build | Lumber Camp |
| 12:29 | Create | Villager (Male) |
| 12:29 | Create | Villager (Male) |
| 12:39 | Create | Fishing Ship |
| 12:48 | Create | Villager (Male) |
| 12:48 | Create | Villager (Male) |
| 13:25 | Age | Feudal Age |
| 13:34 | Research | Double-Bit Axe |
| 13:35 | Create | Villager (Male) |
| 13:36 | Create | Villager (Male) |
| 13:47 | Create | Villager (Male) |
| 14:16 | Create | Villager (Male) |
| 14:16 | Create | Villager (Male) |
| 14:45 | Build | Market |
| 14:51 | Build | House |
| 14:58 | Build | House |
| 15:00 | Create | Villager (Male) |
| 15:01 | Create | Villager (Male) |
| 15:17 | Build | Blacksmith |
| 16:05 | Build | Barracks |
| 16:12 | Create | Villager (Male) |
| 17:10 | Research | Castle Age |
| 17:25 | Research | Fletching |
| 17:59 | Create | Villager (Male) |
| 17:59 | Create | Villager (Male) |
| 18:06 | Build | Mining Camp |
| 18:13 | Build | Mining Camp |
| 18:15 | Create | Villager (Male) |
| 18:15 | Create | Villager (Male) |
| 18:36 | Create | Villager (Male) |
| 18:36 | Create | Villager (Male) |
| 18:43 | Build | Mill |
| 19:00 | Build | Archery Range |
| 19:07 | Build | House |
| 19:33 | Research | Horse Collar |
| 19:50 | Age | Castle Age |
| 20:24 | Build | Town Center |
| 20:26 | Create | Villager (Male) |
| 20:26 | Create | Villager (Male) |
| 20:35 | Build | Town Center |
| 20:37 | Create | Villager (Male) |
| 20:37 | Create | Villager (Male) |
| 21:23 | Build | Mining Camp |
| 21:29 | Build | Mining Camp |
| 21:35 | Research | Bodkin Arrow |
| 21:43 | Create | Villager (Male) |
| 21:44 | Create | Villager (Male) |
| 21:47 | Create | Villager (Male) |
| 21:48 | Create | Villager (Male) |
| 21:48 | Create | Villager (Male) |
| 21:53 | Build | Farm |
| 21:53 | Build | Farm |
| 21:54 | Build | Farm |
| 21:54 | Build | Farm |
| 22:02 | Build | Farm |
| 22:04 | Create | Villager (Male) |
| 22:23 | Create | Villager (Male) |
| 22:38 | Create | Villager (Male) |
| 22:44 | Build | Farm |
| 22:44 | Build | Farm |
| 22:54 | Create | Villager (Male) |
| 23:11 | Create | Villager (Male) |
| 23:11 | Create | Villager (Male) |
| 23:17 | Create | Villager (Male) |
| 23:30 | Create | Villager (Male) |
| 23:41 | Create | Villager (Male) |
| 23:41 | Create | Villager (Male) |
| 24:14 | Build | Town Center |
| 24:20 | Create | Villager (Male) |
| 24:20 | Create | Villager (Male) |
| 24:21 | Create | Villager (Male) |
| 24:21 | Create | Villager (Male) |
| 24:26 | Build | House |
| 24:27 | Build | House |
| 24:32 | Create | Villager (Male) |
| 24:33 | Create | Villager (Male) |
| 24:37 | Research | Town Watch |
| 24:59 | Research | Stone Mining |
| 25:01 | Create | Villager (Male) |
| 25:28 | Build | Mill |
| 25:30 | Create | Villager (Male) |
| 25:30 | Create | Villager (Male) |
| 25:30 | Create | Villager (Male) |
| 25:31 | Create | Villager (Male) |
| 25:42 | Create | Villager (Male) |
| 26:03 | Create | Villager (Male) |
| 26:03 | Create | Villager (Male) |
| 26:03 | Create | Villager (Male) |
| 26:04 | Create | Villager (Male) |
| 26:12 | Build | Farm |
| 26:12 | Build | Farm |
| 26:12 | Build | Farm |
| 26:26 | Create | Villager (Male) |
| 26:33 | Create | Villager (Male) |
| 26:33 | Create | Villager (Male) |
| 26:50 | Build | House |
| 26:52 | Build | House |
| 26:53 | Build | House |
| 26:56 | Build | House |
| 26:57 | Build | House |
Build order — rexxar
First 150 of 179 actions detected
| 1:14 | Build | Town Center |
| 2:21 | Build | House |
| 2:52 | Create | Villager (Male) |
| 2:52 | Create | Villager (Male) |
| 2:52 | Create | Villager (Male) |
| 2:53 | Create | Villager (Male) |
| 2:53 | Create | Villager (Male) |
| 3:20 | Build | Mill |
| 4:33 | Build | House |
| 4:38 | Research | Loom |
| 5:00 | Build | Dock |
| 5:16 | Create | Villager (Male) |
| 5:17 | Create | Villager (Male) |
| 5:30 | Build | House |
| 6:10 | Create | Fishing Ship |
| 6:19 | Create | Villager (Male) |
| 6:59 | Create | Fishing Ship |
| 7:06 | Create | Villager (Male) |
| 7:36 | Create | Villager (Male) |
| 7:46 | Create | Fishing Ship |
| 8:11 | Build | House |
| 8:16 | Create | Villager (Male) |
| 8:16 | Create | Villager (Male) |
| 8:21 | Create | Fishing Ship |
| 8:40 | Create | Villager (Male) |
| 8:52 | Build | House |
| 9:02 | Create | Villager (Male) |
| 9:02 | Create | Villager (Male) |
| 9:11 | Create | Fishing Ship |
| 9:26 | Create | Villager (Male) |
| 9:47 | Create | Fishing Ship |
| 9:49 | Create | Villager (Male) |
| 10:07 | Create | Villager (Male) |
| 10:19 | Create | Villager (Male) |
| 10:32 | Build | Mill |
| 10:50 | Create | Villager (Male) |
| 10:58 | Create | Fishing Ship |
| 11:12 | Create | Villager (Male) |
| 11:35 | Create | Fishing Ship |
| 12:08 | Build | House |
| 12:25 | Research | Feudal Age |
| 12:58 | Build | Barracks |
| 14:35 | Age | Feudal Age |
| 14:37 | Create | Unit 2626 ×2 |
| 15:03 | Create | Unit 2626 |
| 15:05 | Create | Villager (Male) |
| 15:05 | Create | Villager (Male) |
| 15:05 | Create | Villager (Male) |
| 15:17 | Build | Lumber Camp |
| 15:29 | Create | Villager (Male) ×5 |
| 16:26 | Create | Villager (Male) |
| 16:26 | Create | Villager (Male) |
| 16:29 | Build | House |
| 16:30 | Build | House |
| 16:32 | Build | House |
| 16:38 | Research | Double-Bit Axe |
| 17:54 | Build | Market |
| 18:01 | Create | Villager (Male) |
| 18:02 | Create | Villager (Male) |
| 18:20 | Build | Blacksmith |
| 18:36 | Create | Villager (Male) |
| 18:37 | Create | Villager (Male) |
| 18:37 | Create | Villager (Male) |
| 18:45 | Build | House |
| 18:46 | Build | House |
| 18:48 | Build | House |
| 18:49 | Build | House |
| 19:22 | Create | Fire Galley |
| 19:23 | Create | Fire Galley |
| 19:32 | Create | Villager (Male) |
| 19:33 | Create | Villager (Male) |
| 19:33 | Create | Villager (Male) |
| 19:46 | Build | House |
| 19:47 | Build | House |
| 19:48 | Build | House |
| 19:50 | Build | House |
| 19:53 | Research | Castle Age |
| 20:18 | Create | Fire Galley |
| 20:27 | Research | Horse Collar |
| 21:06 | Build | Stable |
| 21:47 | Research | Tech 906 |
| 22:40 | Age | Castle Age |
| 22:52 | Build | Dock |
| 22:55 | Build | Dock |
| 22:59 | Build | Dock |
| 23:03 | Build | Dock |
| 23:08 | Create | Villager (Male) |
| 23:08 | Create | Villager (Male) |
| 23:08 | Create | Villager (Male) |
| 23:09 | Create | Villager (Male) |
| 23:20 | Research | Bow Saw |
| 23:36 | Create | Villager (Male) |
| 23:36 | Create | Villager (Male) |
| 23:36 | Create | Villager (Male) |
| 23:52 | Create | Demolition Raft |
| 23:52 | Create | Demolition Raft |
| 23:57 | Create | Fishing Ship ×4 |
| 24:02 | Create | Villager (Male) |
| 24:02 | Create | Villager (Male) |
| 24:02 | Create | Villager (Male) |
| 24:03 | Create | Villager (Male) |
| 24:30 | Create | Fishing Ship ×4 |
| 24:47 | Create | Villager (Male) |
| 24:47 | Create | Villager (Male) |
| 24:48 | Create | Villager (Male) |
| 25:29 | Create | Fishing Ship ×5 |
| 25:51 | Build | Town Center |
| 26:12 | Create | Demolition Raft |
| 26:12 | Create | Demolition Raft |
| 26:13 | Create | Demolition Raft |
| 26:36 | Build | Outpost |
| 26:39 | Build | Outpost |
| 26:56 | Create | Villager (Male) |
| 26:56 | Create | Villager (Male) |
| 27:01 | Build | House |
| 27:03 | Build | House |
| 27:06 | Build | House |
| 27:09 | Build | House |
| 27:11 | Build | House |
| 27:17 | Research | Tech 905 |
| 27:22 | Research | Gillnets |
| 27:26 | Create | Fire Galley |
| 27:37 | Create | Villager (Male) |
| 27:37 | Create | Villager (Male) |
| 27:37 | Create | Villager (Male) |
| 27:38 | Create | Villager (Male) |
| 27:42 | Build | Monastery |
| 27:52 | Create | Villager (Male) ×5 |
| 27:53 | Research | Wheelbarrow |
| 27:54 | Research | Town Watch |
| 28:33 | Build | Stable |
| 28:35 | Build | Stable |
| 28:42 | Create | Villager (Male) |
| 28:42 | Create | Villager (Male) |
| 28:46 | Create | Monk |
| 29:01 | Research | War Galley (upgrade) |
| 29:33 | Create | Steppe Lancer ×2 |
| 29:50 | Build | Mining Camp |
| 30:48 | Create | Villager (Male) |
| 30:49 | Create | Villager (Male) |
| 30:49 | Create | Villager (Male) |
| 30:51 | Create | Villager (Male) |
| 30:51 | Create | Villager (Male) |
| 30:51 | Create | Villager (Male) |
| 30:58 | Build | University |
| 31:05 | Build | Lumber Camp |
| 31:13 | Create | Steppe Lancer ×5 |
| 31:14 | Research | Husbandry |
| 31:42 | Create | Steppe Lancer |
| 31:42 | Create | Steppe Lancer |
Match timeline
| 0:58 | BaronDC · first_building Dock |
| 2:31 | Alexander The Average · first_building Dock |
| 3:51 | RustBuckets · first_building Dock |
| 5:00 | rexxar · first_building Dock |
| 11:42 | BaronDC · first_building Barracks |
| 12:29 | SalamandatusSA · first_building Barracks |
| 12:41 | SalamandatusSA · age_up feudal |
| 12:58 | rexxar · first_building Barracks |
| 13:16 | 01jnalley · age_up feudal |
| 13:21 | BaronDC · age_up feudal |
| 13:25 | RustBuckets · age_up feudal |
| 13:46 | BaronDC · first_building Stable |
| 14:33 | Alexander The Average · age_up feudal |
| 14:35 | Alexander The Average · first_building Barracks |
| 14:35 | rexxar · age_up feudal |
| 15:42 | Alexander The Average · first_building Archery Range |
| 15:47 | SalamandatusSA · first_building Archery Range |
| 16:05 | RustBuckets · first_building Barracks |
| 16:55 | 01jnalley · age_up castle |
| 17:05 | RustBuckets · first_market_sell 100 food |
| 17:45 | BaronDC · age_up castle |
| 19:00 | RustBuckets · first_building Archery Range |
| 19:06 | SalamandatusSA · age_up castle |
| 19:50 | RustBuckets · age_up castle |
| 20:06 | SalamandatusSA · wall_segment Stone Wall x1 |
| 20:08 | SalamandatusSA · wall_segment Stone Wall x4 |
| 20:17 | Alexander The Average · age_up castle |
| 21:06 | rexxar · first_building Stable |
| 22:40 | rexxar · age_up castle |
| 24:11 | rexxar · first_market_buy 500 wood |
| 24:27 | BaronDC · wall_segment Stone Wall x1 |
| 24:28 | BaronDC · wall_segment Stone Wall x1 |
| 24:28 | Alexander The Average · first_building Stable |
| 24:31 | BaronDC · wall_segment Stone Wall x4 |
| 25:10 | BaronDC · wall_segment Stone Wall x6 |
| 25:14 | 01jnalley · first_building Stable |
| 26:02 | SalamandatusSA · first_building Castle |
| 27:42 | rexxar · first_building Monastery |
| 28:36 | RustBuckets · first_building Castle |
| 28:49 | SalamandatusSA · first_market_buy 100 wood |
| 31:48 | BaronDC · first_building Monastery |
| 34:30 | RustBuckets · first_building Monastery |
| 34:53 | RustBuckets · first_building Stable |
| 35:08 | BaronDC · first_market_sell 500 food |
| 36:27 | BaronDC · first_building Castle |
| 36:44 | BaronDC · age_up imperial |
| 38:02 | 01jnalley · first_building Castle |
| 38:37 | rexxar · resign |
[ AI ANALYSIS · 1 CREDIT ]
What really happened in this match?
Wolo.gg analyzes every decision: build order, eco, micro, common mistakes by bracket. Personalized analysis on WhatsApp or Discord in 30 seconds.
Civ guide
Persians
Map guide
Graupel
Perfil
Jugador #2956827